 Dungeon Crawl Stone Soup version 0.27.0-1-g7a089689b8 (webtiles) character file.

Game seed: 4172686342704528852

60 Smaepdii the Chopper (level 3, -1/33 HPs)
             Began as a Minotaur Berserker on Aug 11, 2021.
             Was a Believer of Trog.
             Slain by Sigmund (10 damage)
             ... on level 3 of the Dungeon.
             The game lasted 00:04:10 (1745 turns).

Smaepdii the Chopper (Minotaur Berserker)           Turns: 1745, Time: 00:04:10

Health: -1/33      AC:  3    Str: 21    XL:     3   Next: 80%
Magic:  2/2        EV: 12    Int:  4    God:    Trog [**....]
Gold:   52         SH:  0    Dex: 10    Spells: 2/2 levels left

rFire    . . .     SeeInvis .   d - +1 dagger (venom)
rCold    . . .     Faith    .   (no shield)
rNeg     . . .     Spirit   .   c - +0 leather armour
rPois    .         Reflect  .   (helmet restricted)
rElec    .         Harm     .   (no cloak)
rCorr    .         Rampage  .   (no gloves)
Will     .....                  (no boots)
Stlth    +.........             (no amulet)
HPRegen  0.11/turn              (no ring)
MPRegen  0.08/turn              (no ring)

@: no status effects
A: horns 2, retaliatory headbutt
a: Renounce Religion, Berserk, Trog's Hand


You were on level 3 of the Dungeon.
You worshipped Trog.
Trog was pleased with you.
You visited 1 branch of the dungeon, and saw 3 of its levels.

You collected 52 gold pieces.

Inventory:

Hand Weapons
 d - a +1 dagger of venom (weapon)
Armour
 c - a +0 leather armour (worn)
Scrolls
 b - 2 scrolls of enchant armour {unknown}
 e - a scroll of holy word {unknown}
 f - a scroll of torment {unknown}
 g - a scroll of magic mapping {unknown}
 i - a scroll of noise {unknown}
Potions
 a - a potion of berserk rage {unknown}
 h - a potion of invisibility {unknown}
 j - a potion of heal wounds {unknown}
 k - a potion of attraction {unknown}


   Skills:
 + Level 4.2 Fighting
 * Level 4.4 Axes
 + Level 3.2 Armour
 + Level 2.9 Dodging


You had 2 spell levels left.
You didn't know any spells.
Your spell library was empty.

Dungeon Overview and Level Annotations

Branches:
Dungeon (3/15)

Altars:

Annotations:
D:3 Sigmund


Innate Abilities, Weirdness & Mutations

You have a pair of horns on your head.
You reflexively headbutt those who attack you in melee.


Message History

There is an open door here.
A kobold comes into view. It is wielding a +0 short sword.
The kobold shouts!
The kobold throws a stone.
The stone hits you.
A goblin comes into view. It is wielding a +0 club.
The goblin shouts!
You hit the kobold but do no damage.
The kobold is poisoned.
You headbutt the kobold.
You kill the kobold!
Trog accepts your kill.
Sigmund the Dreaded comes into view.
He is wielding a +0 scythe.
Sigmund shouts!
You hit the goblin.
The goblin is poisoned.
The goblin is moderately wounded.
The goblin barely misses you.
You barely miss the goblin.
The goblin is severely wounded.
The goblin closely misses you.
You closely miss the goblin.
The goblin is severely wounded.
You kill the goblin!
Trog accepts your kill. Sigmund misses you.
Items here: ( )) †.
Sigmund gestures at you while chanting. You resist with significant effort.
You hit Sigmund.
Sigmund is poisoned.
Sigmund is lightly wounded.
Sigmund gestures at you while chanting. The magic dart hits you.
You barely miss Sigmund. Your headbutt misses Sigmund.
Sigmund is lightly wounded.
Sigmund casts a spell.
Sigmund flickers and vanishes!
Deactivating autopickup; reactivate with Ctrl-A.
You miss something. You headbutt something. Something hits you!
You miss something. Something hits you!
* * * LOW HITPOINT WARNING * * *
You closely miss something. Something hits you!
You die...

.####.#######
.............
.####.#######
.####.##########.#.
...................
.####.#####.######. .#
#.# #.#...
.####.#####.#.#####.####
.#.............)@{......
.#.#........#.#####..###
.#.#..#####.#.# ...
.#.#..#####.#+### #
.#'#..##........##
......##..........
..................
.....###..........
.....###..........


There were no monsters in sight!

Vanquished Creatures
  A worm (D:3)
  2 dart slugs
  5 ball pythons
  5 bats
  3 endoplasms (D:1)
  6 giant cockroaches
  8 goblins
  2 hobgoblins
  3 jackals (D:1)
  A kobold (D:3)
  4 quokkas
  2 frilled lizards (D:1)
  3 rats
45 creatures vanquished.

Notes
Turn   | Place    | Note
-------+----------+-------------------------------------------
     0 | D:1      | Smaepdii the Minotaur Berserker began the quest for the
                  | Orb.
     0 | D:1      | Reached XP level 1. HP: 19/19 MP: 0/0
    16 | D:1      | Found a faded altar of an unknown god.
   121 | D:1      | Reached XP level 2. HP: 26/27 MP: 1/1
   629 | D:1      | Reached ** piety under Trog
   789 | D:1      | Reached XP level 3. HP: 33/33 MP: 2/2
  1735 | D:3      | Noticed Sigmund
  1745 | D:3      | Slain by Sigmund

Illustrated notes

Levels and vault maps discovered:
D:1:      co_arrival_random_square_maze, layout_basic, basic_ecumenical_altar
D:2:      layout_basic
D:3:      layout_basic, uniq_sigmund

Skill      XL: |  1  2  3 |
---------------+----------+-----
Axes           | 4 |  4.4
Fighting       | 4 |  4.2
Armour         | 3 |  3.2
Dodging        | |  2.9

Action                   || total
-------------------------++-------
Melee: Hand axe          ||     8
       Dagger            ||    85
       Headbutt          ||    14
Invok: Berserk           ||     2
Armor: Animal skin       ||     2
       Leather armour    ||    20
Dodge: Dodged            ||    40
